PAAA
TORTOLITA DRUMMERS @ SALT LAKE CITY BUZZ
09/25/2019
 
TOP OF THE 1ST
Tortolita Drummers batting - Pitching for Salt Lake City Buzz : LHP Joe Kehoe
Pitching: LHP Joe Kehoe
Batting: RHB Hunter Curtis 0-0: Called Strike
0-1: Ball
1-1: Ball
2-1: SINGLE (Flyball, 6MD)
Batting: SHB Dan Godwin 0-0: Fly out, F8 (Flyball, 8LM)
Batting: LHB Orlando Trevino 0-0: Ball
1-0: Fly out, F8 (Flyball, 78M)
Batting: RHB Joey Morgan 0-0: Ground out 5-3 (Groundball, 5)
Top of the 1st over - 0 run(s), 1 hit(s), 0 error(s), 1 left on base; Tortolita 0 - Salt Lake City 0
BOTTOM OF THE 1ST
Salt Lake City Buzz batting - Pitching for Tortolita Drummers : RHP Francisco López
Pitching: RHP Francisco López
Batting: LHB Todd Williams 0-0: Ball
1-0: Foul Ball, location: 2F
1-1: Ball
2-1: Bunt missed!
2-2: Ground out 3-1 (Groundball, 34)
Batting: RHB Roberto Ríos 0-0: Ball
1-0: Ground out 6-3 (Groundball, 6)
Batting: LHB Chris Stoltzfus 0-0: Ball
1-0: Called Strike
1-1: Foul Ball, location: 2F
1-2: Strikes out swinging
Bottom of the 1st over - 0 run(s), 0 hit(s), 0 error(s), 0 left on base; Tortolita 0 - Salt Lake City 0
TOP OF THE 2ND
Tortolita Drummers batting - Pitching for Salt Lake City Buzz : LHP Joe Kehoe
Batting: RHB Lonnie Conrad 0-0: Ball
1-0: Ball
2-0: Swinging Strike
2-1: Ball
3-1: Base on Balls
Batting: RHB Richard Ollivier 0-0: Foul Ball, location: 2F
0-1: Ball
1-1: Ball
2-1: Called Strike
2-2: Strikes out looking
Batting: LHB Jesse Taylor 0-0: Foul Ball, location: 2F
0-1: Foul Ball, location: 2F
0-2: Ball
Wild Pitch!
Lonnie Conrad to second
1-2: Strikes out swinging
Batting: RHB Jim Harris 0-0: Called Strike
0-1: Ball
1-1: Ground out 4-3 (Groundball, 4MS)
Top of the 2nd over - 0 run(s), 0 hit(s), 0 error(s), 1 left on base; Tortolita 0 - Salt Lake City 0
BOTTOM OF THE 2ND
Salt Lake City Buzz batting - Pitching for Tortolita Drummers : RHP Francisco López
Batting: LHB Frank Bass 0-0: Ground out 1-3 (Groundball, 13)
Batting: SHB Raymond Bright 0-0: Ball
1-0: SINGLE (Groundball, 34)
Batting: SHB Shelby Reusch 0-0: Ball
1-0: Called Strike
1-1: Ball
2-1: Foul Ball, location: 2F
2-2: Fly out, F3 (Line Drive, 3)
Batting: RHB Archie Green 0-0: Called Strike
0-1: Foul Ball, location: 2F
0-2: Strikes out looking
Bottom of the 2nd over - 0 run(s), 1 hit(s), 0 error(s), 1 left on base; Tortolita 0 - Salt Lake City 0
TOP OF THE 3RD
Tortolita Drummers batting - Pitching for Salt Lake City Buzz : LHP Joe Kehoe
Batting: RHB Ray Whittier 0-0: Ball
1-0: Called Strike
1-1: Ball
2-1: Ground out 3-1 (Groundball, 34S)
Batting: RHB Hunter Curtis 0-0: Ball
1-0: Foul Ball, location: 2F
1-1: Ball
2-1: Swinging Strike
2-2: Strikes out swinging
Batting: SHB Dan Godwin 0-0: Called Strike
0-1: Ball
1-1: Fly out, F8 (Flyball, 8LM)
Top of the 3rd over - 0 run(s), 0 hit(s), 0 error(s), 0 left on base; Tortolita 0 - Salt Lake City 0
BOTTOM OF THE 3RD
Salt Lake City Buzz batting - Pitching for Tortolita Drummers : RHP Francisco López
Batting: LHB George Huffman 0-0: Ball
1-0: Fly out, F8 (Flyball, 89M)
Batting: RHB Larry Brown 0-0: Called Strike
0-1: Ball
1-1: Foul Ball, location: 2F
1-2: Strikes out swinging
Batting: LHB Todd Williams 0-0: Ball
1-0: SINGLE (Flyball, 8RS)
Batting: RHB Roberto Ríos 0-0: Called Strike
Todd Williams steals 2nd base
0-1: Swinging Strike
0-2: Foul Ball, location: 2F
0-2: Ball
1-2: Ball
2-2: Ground out 6-3 (Groundball, 6)
Bottom of the 3rd over - 0 run(s), 1 hit(s), 0 error(s), 1 left on base; Tortolita 0 - Salt Lake City 0
TOP OF THE 4TH
Tortolita Drummers batting - Pitching for Salt Lake City Buzz : LHP Joe Kehoe
Batting: LHB Orlando Trevino 0-0: Ball
1-0: Called Strike
1-1: Ground out U3 (Groundball, 3S)
Batting: RHB Joey Morgan 0-0: Ball
1-0: Ground out 4-3 (Groundball, 4M)
Batting: RHB Lonnie Conrad 0-0: Ball
1-0: Called Strike
1-1: Foul Ball, location: 2F
1-2: Ball
2-2: Ball
3-2: Foul Ball, location: 2F
3-2: DOUBLE (Line Drive, 89XD)
Batting: RHB Richard Ollivier 0-0: Called Strike
0-1: Foul Ball, location: 2F
0-2: Ball
1-2: Foul Ball, location: 2F
1-2: Strikes out swinging
Top of the 4th over - 0 run(s), 1 hit(s), 0 error(s), 1 left on base; Tortolita 0 - Salt Lake City 0
BOTTOM OF THE 4TH
Salt Lake City Buzz batting - Pitching for Tortolita Drummers : RHP Francisco López
Batting: LHB Chris Stoltzfus 0-0: Foul Ball, location: 2F
0-1: Ball
1-1: Swinging Strike
1-2: Foul Ball, location: 2F
1-2: Foul Ball, location: 2F
1-2: Ball
2-2: Ball
3-2: Foul Ball, location: 2F
3-2: Strikes out swinging
Batting: LHB Frank Bass 0-0: Called Strike
0-1: Ball
1-1: Foul Ball, location: 2F
1-2: Foul Ball, location: 2F
1-2: Foul Ball, location: 2F
1-2: Ground out U3 (Groundball, 3S)
Batting: SHB Raymond Bright 0-0: Ball
1-0: Called Strike
1-1: Swinging Strike
1-2: Strikes out swinging
Bottom of the 4th over - 0 run(s), 0 hit(s), 0 error(s), 0 left on base; Tortolita 0 - Salt Lake City 0
TOP OF THE 5TH
Tortolita Drummers batting - Pitching for Salt Lake City Buzz : LHP Joe Kehoe
Batting: LHB Jesse Taylor 0-0: Called Strike
0-1: Ground out 1-3 (Groundball, 13S)
Batting: RHB Jim Harris 0-0: Swinging Strike
0-1: Ball
1-1: Ground out U3 (Groundball, 3S)
Batting: RHB Ray Whittier 0-0: Ball
1-0: Called Strike
1-1: Fly out, F3 (Popup, 3F)
Top of the 5th over - 0 run(s), 0 hit(s), 0 error(s), 0 left on base; Tortolita 0 - Salt Lake City 0
BOTTOM OF THE 5TH
Salt Lake City Buzz batting - Pitching for Tortolita Drummers : RHP Francisco López
Batting: SHB Shelby Reusch 0-0: Foul Ball, location: 2F
0-1: Foul Ball, location: 2F
0-2: Strikes out swinging
Batting: RHB Archie Green 0-0: Ball
1-0: Fly out, F6 (Popup, 6S)
Batting: LHB George Huffman 0-0: Ball
1-0: Ball
2-0: Foul Ball, location: 2F
2-1: Foul Ball, location: 2F
2-2: SINGLE (Line Drive, 34D)
Batting: RHB Larry Brown 0-0: Called Strike
0-1: Ball
1-1: Called Strike
1-2: SINGLE (Flyball, 8LS)
George Huffman to second
Runner from 2nd tries for 3rd, SAFE, no throw or cutoff
Batting: LHB Todd Williams 0-0: Ball
1-0: TRIPLE (Flyball, 8LXD)
George Huffman scores
Larry Brown scores
Batting: RHB Roberto Ríos 0-0: Foul Ball, location: 2F
0-1: Fly out, F7 (Flyball, 7LS)
Bottom of the 5th over - 2 run(s), 3 hit(s), 0 error(s), 1 left on base; Tortolita 0 - Salt Lake City 2
TOP OF THE 6TH
Tortolita Drummers batting - Pitching for Salt Lake City Buzz : LHP Joe Kehoe
Batting: RHB Hunter Curtis 0-0: Called Strike
0-1: Ball
1-1: Foul Ball, location: 2F
1-2: Ball
2-2: Strikes out looking
Batting: SHB Dan Godwin 0-0: Swinging Strike
0-1: Ball
1-1: Called Strike
1-2: Ball
2-2: Fly out, F4 (Popup, 4)
Batting: LHB Orlando Trevino 0-0: Swinging Strike
0-1: Swinging Strike
0-2: Strikes out swinging
Top of the 6th over - 0 run(s), 0 hit(s), 0 error(s), 0 left on base; Tortolita 0 - Salt Lake City 2
BOTTOM OF THE 6TH
Salt Lake City Buzz batting - Pitching for Tortolita Drummers : RHP Francisco López
Batting: LHB Chris Stoltzfus 0-0: Ball
1-0: Ball
2-0: Swinging Strike
2-1: Swinging Strike
2-2: Ball
3-2: Strikes out swinging
Batting: LHB Frank Bass 0-0: Ball
1-0: Foul Ball, location: 2F
1-1: Swinging Strike
1-2: Ball
2-2: Ball
3-2: Ground out 6-3 (Groundball, 6M)
Batting: SHB Raymond Bright 0-0: Ball
1-0: Ball
2-0: Fly out, F8 (Flyball, 8LXD)
Bottom of the 6th over - 0 run(s), 0 hit(s), 0 error(s), 0 left on base; Tortolita 0 - Salt Lake City 2
TOP OF THE 7TH
Tortolita Drummers batting - Pitching for Salt Lake City Buzz : LHP Joe Kehoe
Batting: RHB Joey Morgan 0-0: Called Strike
0-1: Ball
1-1: Swinging Strike
1-2: SINGLE (Line Drive, 6MD)
Batting: RHB Lonnie Conrad 0-0: Called Strike
0-1: Ball
1-1: Ball
2-1: Foul Ball, location: 2F
2-2: Ball
3-2: Strikes out swinging
Joey Morgan is caught stealing 2nd base
Batter strikes out.
Batting: RHB Richard Ollivier 0-0: Ball
1-0: Called Strike
1-1: Ground out 5-3 (Groundball, 56)
Top of the 7th over - 0 run(s), 1 hit(s), 0 error(s), 0 left on base; Tortolita 0 - Salt Lake City 2
BOTTOM OF THE 7TH
Salt Lake City Buzz batting - Pitching for Tortolita Drummers : RHP Francisco López
Batting: SHB Shelby Reusch 0-0: Ball
1-0: Ball
2-0: Ball
3-0: Called Strike
3-1: Fly out, F7 (Flyball, 7M)
Batting: RHB Archie Green 0-0: Called Strike
0-1: Foul Ball, location: 2F
0-2: Ball
1-2: DOUBLE (Line Drive, 3D)
Pitching: LHP Dana Hennessey
Batting: LHB George Huffman 0-0: Called Strike
0-1: Fly out, F4 (Line Drive, 4)
Batting: RHB Larry Brown 0-0: Ball
1-0: Foul Ball, location: 2F
1-1: Called Strike
1-2: Strikes out swinging
Bottom of the 7th over - 0 run(s), 1 hit(s), 0 error(s), 1 left on base; Tortolita 0 - Salt Lake City 2
TOP OF THE 8TH
Tortolita Drummers batting - Pitching for Salt Lake City Buzz : LHP Joe Kehoe
Now at SS: Ugo Brandini
Batting: LHB Jesse Taylor 0-0: Ball
1-0: Ground out U3 (Groundball, 3)
Batting: RHB Jim Harris 0-0: Called Strike
0-1: Foul Ball, location: 2F
0-2: Strikes out looking
Batting: RHB Ray Whittier 0-0: Swinging Strike
0-1: Ball
1-1: Foul Ball, location: 2F
1-2: SINGLE (Groundball, 5L)
Pitching: RHP Javier Díaz
Batting: RHB Hunter Curtis 0-0: Ball
1-0: Ball
2-0: Fly out, F8 (Popup, 6MD)
Top of the 8th over - 0 run(s), 1 hit(s), 0 error(s), 1 left on base; Tortolita 0 - Salt Lake City 2
BOTTOM OF THE 8TH
Salt Lake City Buzz batting - Pitching for Tortolita Drummers : LHP Dana Hennessey
Pitching: LHP Edward Jensen
Batting: LHB Todd Williams 0-0: Called Strike
0-1: Ball
1-1: Swinging Strike
1-2: Ball
2-2: Ground out 4-3 (Groundball, 4)
Batting: RHB Roberto Ríos 0-0: Ball
1-0: Called Strike
1-1: Foul Ball, location: 2F
1-2: Fly out, F7 (Flyball, 7M)
Batting: LHB Chris Stoltzfus 0-0: Foul Ball, location: 2F
0-1: Foul Ball, location: 2F
0-2: Ball
1-2: Strikes out swinging
Bottom of the 8th over - 0 run(s), 0 hit(s), 0 error(s), 0 left on base; Tortolita 0 - Salt Lake City 2
TOP OF THE 9TH
Tortolita Drummers batting - Pitching for Salt Lake City Buzz : RHP Javier Díaz
Pitching: LHP José Ortíz
Batting: SHB Dan Godwin 0-0: Called Strike
0-1: Ball
1-1: Fly out, F9 (Flyball, 9M)
Batting: LHB Orlando Trevino 0-0: Called Strike
0-1: Ball
1-1: Called Strike
1-2: Strikes out looking
Batting: RHB Joey Morgan 0-0: Called Strike
0-1: Foul Ball, location: 2F
0-2: Ball
1-2: Ball
2-2: Foul Ball, location: 2F
2-2: Foul Ball, location: 2F
2-2: Ball
3-2: Strikes out swinging
Top of the 9th over - 0 run(s), 0 hit(s), 0 error(s), 0 left on base; Tortolita 0 - Salt Lake City 2
This league is powered by Out of the Park Baseball, the baseball management simulation game for PC, Mac and Linux
Saturday, July 25th, 2015 - OOTP Baseball 15.6 Build 34